 Dungeon Crawl Stone Soup version 0.27-a0-705-ga0013940fb (webtiles) character file.

Game seed: 3515125054771132500

182237 spiderkeys the Impaler (level 17, -10/163 HPs)
             Began as a Minotaur Berserker on Mar 22, 2021.
             Was the Champion of Trog.
             Killed from afar by a deep elf zephyrmancer (38 damage)
             ... with a bolt of lightning
             ... on level 1 of the Orcish Mines on Mar 23, 2021.
             The game lasted 00:42:01 (35353 turns).

spiderkeys the Impaler (Minotaur Berserker)        Turns: 35353, Time: 00:42:02

Health: -10/163    AC: 24    Str: 26    XL:     17   Next: 70%
Magic:  16/16      EV: 10    Int: 11    God:    Trog [******]
Gold:   2765       SH: 27    Dex: 15    Spells: 16/16 levels left

rFire    + . .     SeeInvis +   v - +7 trident (elec)
rCold    . . .     Faith    .   D - +0 tower shield
rNeg     + . .     Spirit   .   W - +0 plate armour {rN+}
rPois    +         Reflect  +   S - +2 hat {Int+3}
rElec    .         Harm     .   G - +2 cloak {Will+}
rCorr    .         Rampage  .   I - +0 pair of gloves
Will     ++++.                  (no boots)
Stlth    ..........             l - amulet of reflection
HPRegen  1.37/turn              N - ring of the Villain {rPois Str-2 Int+4 Dex+2 SInv}
MPRegen  0.15/turn              s - ring "Gimuhoach" {rF+ Dex+2 Slay+4}

@: regenerating, studying Fighting
A: horns 2, retaliatory headbutt
a: Renounce Religion, Berserk, Trog's Hand, Brothers in Arms


You were on level 1 of the Orcish Mines.
You worshipped Trog.
Trog was exalted by your worship.
You visited 3 branches of the dungeon, and saw 23 of its levels.
You visited the Abyss 1 time.
You also visited: Ossuary, Bailey and Ice Cave.

You collected 3791 gold pieces.
You spent 1026 gold pieces at shops.

Inventory:

Hand Weapons
 v - a +7 trident of electrocution (weapon)
 y - a +4 antimagic trident
 Q - the +9 spear of Peril {vorpal, Int+6}
   (Trog gifted it to you on level 6 of the Lair of Beasts)

   It inflicts extra damage upon your enemies.
   It affects your intelligence (+6).
Missiles
 h - a throwing net
Armour
 D - a +0 tower shield (worn)
 G - a +2 cloak of willpower (worn)
 I - a +0 pair of gloves (worn)
 L - a +0 pair of gloves of dexterity
 P - a scarf of repulsion
 S - a +2 hat of intelligence (worn)
 W - a +0 plate armour of positive energy (worn)
Jewellery
 k - a ring of flight
 l - an amulet of reflection (around neck)
 o - a ring of protection from cold
 s - the ring "Gimuhoach" (left hand) {rF+ Dex+2 Slay+4}
   (You found it in an ice cave)

   [ring of slaying]

   It affects your dexterity (+2).
   It affects your accuracy and damage with ranged weapons and melee attacks
   (+4).
   It protects you from fire.
 E - a ring of protection from fire
 M - the ring of the Tortoise {AC+8}
   (You found it on level 2 of the Lair of Beasts)

   [ring of protection]

   It affects your AC (+8).
 N - the ring of the Villain (right hand) {rPois Str-2 Int+4 Dex+2 SInv}
   (You found it on level 13 of the Dungeon)

   [ring of see invisible]

   It affects your strength (-2).
   It affects your intelligence (+4).
   It affects your dexterity (+2).
   It protects you from poison.
   It lets you see invisible.
 T - the ring of the Spinneret {rF+ rCorr Int+4 Dex+4}
   (You bought it in a shop on level 2 of the Orcish Mines)

   [ring of resist corrosion]

   It affects your intelligence (+4).
   It affects your dexterity (+4).
   It protects you from fire.
   It provides partial protection from all sources of acid and corrosion.
 V - the amulet "Xanwan" {Faith *Contam rC+++ Str+5 Dex-5}
   (You found it on level 1 of the Lair of Beasts)

   [amulet of faith]

   It allows you to gain divine favour quickly.
   It affects your strength (+5).
   It affects your dexterity (-5).
   It renders you almost immune to cold.
   It causes magical contamination when unequipped.
Wands
 g - a wand of mindburst (53)
 w - a wand of charming (18)
 A - a wand of iceblast (24)
 B - a wand of digging (4)
 F - a wand of polymorph (7)
Scrolls
 e - 4 scrolls of enchant armour
 f - 2 scrolls of fear
 m - 11 scrolls of teleportation
 z - 5 scrolls of immolation
 C - 2 scrolls of fog
 J - a scroll of brand weapon
 K - 10 scrolls of identify
 O - a scroll of magic mapping
 R - a scroll of holy word
Potions
 b - a potion of cancellation
 c - 6 potions of berserk rage
 d - 17 potions of curing
 i - a potion of resistance
 j - 3 potions of magic
 p - 5 potions of ambrosia
 q - 8 potions of might
 r - 2 potions of flight
 t - 2 potions of lignification
 u - 4 potions of attraction
 x - 2 potions of invisibility
 H - 3 potions of mutation
 U - a potion of haste


   Skills:
 + Level 18.1 Fighting
 - Level 20.0 Polearms
 + Level 16.4 Armour
 + Level 8.9 Dodging
 + Level 16.2 Shields


You had 16 spell levels left.
You didn't know any spells.
Your spell library contained the following spells:

 Spells                   Type           Power      Damage    Failure   Level
 Animate Skeleton         Necr           0%         N/A       100%        1
 Magic Dart               Conj           0%         1d3       100%        1
 Pain                     Necr           0%         1d4       100%        1
 Shock                    Conj/Air       0%         1d3       100%        1
 Blink                    Tloc           N/A        N/A       100%        2
 Call Imp                 Summ           0%         N/A       100%        2
 Poisonous Vapours        Pois/Air       0%         N/A       100%        2
 Slow                     Hex            0%         N/A       100%        2
 Swiftness                Air            0%         N/A       100%        2
 Conjure Flame            Conj/Fire      0%         6-21      100%        3
 Mephitic Cloud           Conj/Pois/Air  0%         N/A       100%        3
 Static Discharge         Conj/Air       0%         N/A       100%        3
 Vampiric Draining        Necr           0%         2d6       100%        3
 Airstrike                Air            0%         N/A       100%        4
 Animate Armour           Summ/Erth      0%         N/A       100%        4
 Animate Dead             Necr           0%         N/A       100%        4
 Leda's Liquefaction      Hex/Erth       0%         N/A       100%        4
 Agony                    Necr           0%         N/A       100%        5
 Bolt of Magma            Conj/Fire/Erth 0%         4d4       100%        5
 Iskenderun's Battlesphe  Conj           0%         2d6       100%        5
 Lightning Bolt           Conj/Air       0%         1d11      100%        5
 Freezing Cloud           Conj/Ice/Air   0%         6-21      100%        6
 Iron Shot                Conj/Erth      0%         9d1       100%        6
 Statue Form              Tmut/Erth      0%         N/A       100%        6
 Orb of Destruction       Conj           0%         N/A       100%        7
 Spellforged Servitor     Conj/Summ      0%         N/A       100%        7
 Shatter                  Erth           0%         3d5*      100%        9


Dungeon Overview and Level Annotations

Branches:
Dungeon (15/15)            Temple (0/1) D:4            Lair (6/6) D:11
 Shoals (0/4) Lair:2        Snake (0/4) Lair:2        Slime (0/5) Lair:6
    Orc (2/2) D:11            Elf (0/3) Orc:2        Vaults (0/5) D:13
 Depths (0/5) D:15        Ossuary (visited)          Bailey (visited)
  IceCv (visited)

Altars:
Cheibriados
Kikubaaqudgha
Nemelex Xobeh
Qazlal
Sif Muna
Vehumet
Xom
The Shining One

Shops:
D:14 (   Orc:2 :=[[[

Annotations:
D:14 6 runed translucent doors


Innate Abilities, Weirdness & Mutations

You have a pair of horns on your head.
You reflexively headbutt those who attack you in melee.


Message History

The fire elemental is lightly damaged.
You are covered in liquid flames!
You block the fire elemental's attack.
You are too injured to fight recklessly!
You are covered in liquid flames!
You block the deep elf pyromancer's attack.
You completely miss the deep elf pyromancer.
Your headbutt misses the deep elf pyromancer.
You are covered in liquid flames!
You block the fire elemental's attack.
The deep elf zephyrmancer gestures wildly while chanting.
The deep elf zephyrmancer blinks!
The deep elf pyromancer hits you but does no damage.
You closely miss the deep elf pyromancer.
You are covered in liquid flames!
You block the fire elemental's attack. x2
You hit the deep elf pyromancer.
The deep elf pyromancer is lightly wounded.
You are covered in liquid flames!
The deep elf pyromancer points at you and mumbles some strange words.
The bolt of fire hits you but does no damage.
The deep elf zephyrmancer points at you and mumbles some strange words.
The bolt of lightning misses the fire elemental.
The bolt of lightning hits you!!
* * * LOW HITPOINT WARNING * * *
The bolt of lightning hits you!!
* * * LOW HITPOINT WARNING * * *
The bolt of lightning hits the fire elemental!
The fire elemental resists.
You block the fire elemental's attack.
The deep elf zephyrmancer mumbles some strange words.
The deep elf zephyrmancer blinks!
Okay, then.
Okay, then.
You feel much better.
You block the deep elf pyromancer's attack.
The deep elf zephyrmancer casts a spell at you.
The bolt of lightning hits the fire elemental!
The fire elemental resists.
The bolt of lightning misses you. The bolt of lightning hits you!!!
You die...

#............ #.
............. ###.
.....#......# ...
...##......# .# ..#
##.##...... e..##..
#.........# ..>.§..
##......###
...)..e#######....#.##
.$..e #@#..##.#.#####
....e°#E........#
#e....##....#
#)..$#####.##
.$.>...## ### ##...###
..### ###


You could see a deep elf pyromancer, 2 deep elf zephyrmancers and a fire
elemental (summoned).

Vanquished Creatures
  Rupert (D:12)
  A lich (Abyss:2)
  Frances (D:13)
  Gastronok (Lair:1)
  Agnes (D:14)
  Kirke (D:13)
  A tengu reaver (D:13)
  2 orc warlords
  A stone giant (D:14)
  A spark wasp (shapeshifter) (D:15)
  Snorg (D:14)
  A yaktaur captain (D:14)
  2 ettins (D:13)
  A deep elf high priest (D:14)
  2 ice dragons (IceCv)
  4 hydras
  3 boulder beetles
  4 ogre magi (Orc:2)
  3 centaur warriors
  20 two-headed ogres
  6 death yaks (Lair:5)
  2 tengu warriors
  A thrashing horror (Abyss:2)
  The ghost of logorrheac the Geomancer, a novice GrEE of Sif Muna (D:7)
  3 unseen horrors
  9 skeletal warriors (D:13)
  3 wretched stars (Abyss:2)
  2 necromancers (D:13)
  2 deep elf pyromancers (Orc:1)
  3 deep elf zephyrmancers (Orc:1)
  4 wizards
  Pikel (D:8)
  A lindwurm (Lair:3)
  3 orc knights
  25 ugly things
  2 oklob plants (Lair:5)
  3 cyclopes
  3 orc sorcerers (Orc:2)
  A wolf spider zombie (D:15)
  A manticore (D:15)
  9 elephants
  A worldbinder (Abyss:2)
  2 ice statues (IceCv)
  2 torpor snails
  4 black mambas
  2 gargoyles
  3 rime drakes
  2 demonic crawlers
  15 cane toads
  2 kobold demonologists
  An efreet (D:13)
  9 komodo dragons
  8 trolls
  An ancient zyme (Abyss:2)
  2 tengu conjurers
  4 hornets (Lair:6)
  A merfolk (Lair:2)
  3 polar bears
  Grinder (D:6)
  4 slime creatures
  24 blink frogs
  A hornet (shapeshifter) (D:15)
  9 dream sheep
  2 meliai zombies
  14 spriggans (Lair:6)
  4 wraiths
  A shadow (D:14)
  37 yaks
  A vampire (D:13)
  4 hogs (D:13)
  A wyvern (shapeshifter) (D:14)
  3 wyverns
  2 fire bats (Abyss:2)
  2 large abominations (Abyss:2)
  2 basilisks
  Eustachio (D:6)
  6 vampire mosquitoes
  A swamp worm (Lair:1)
  5 wargs
  An acid dragon (D:14)
  11 water moccasins
  Duvessa (D:6)
  25 ice beasts
  37 orc warriors
  10 black bears
  2 hornet zombies
  5 sky beasts
  37 ogres
  A necrophage (D:7)
  8 boggarts
  17 wolves (Lair:6)
  17 centaurs
  2 elf zombies (Ossuary)
  A lemure (D:8)
  3 phantoms
  20 kobold brigands
  22 bullfrogs
  A wyvern zombie (D:7)
  Dowan (D:6)
  3 scorpions
  16 killer bees
  A howler monkey (D:11)
  4 wights (D:11)
  5 electric eels
  A crimson imp (D:9)
  4 centaur zombies
  A quasit (Abyss:2)
  2 bullfrog zombies
  A gnoll shaman (D:10)
  7 hounds
  A human zombie (Ossuary)
  7 jellies
  11 orc priests
  A small abomination (Abyss:2)
  4 bullfrog skeletons
  5 centaur skeletons
  5 hell rats (Lair:4)
  2 iguanas
  26 orc wizards
  4 worker ants
  4 hound zombies
  4 mummies (Ossuary)
  2 worker ant zombies
  A howler monkey skeleton (D:7)
  10 adders
  9 gnolls
  A shadow imp (D:8)
  3 white imps
  4 ufetubi
  3 adder zombies
  4 adder skeletons
  A worm (D:2)
  4 dart slugs
  84 orcs
  7 giant cockroaches
  8 goblins
  6 hobgoblins
  7 jackals
  10 oozes
  8 quokkas
  4 ball pythons
  5 bats
  7 frilled lizards
  A gnoll zombie (Ossuary)
  A jackal skeleton (D:5)
  2 jackal zombies (Ossuary)
  13 kobolds
  An orc zombie (Ossuary)
  A quokka zombie (D:6)
  4 rats
  2 rat zombies (Ossuary)
878 creatures vanquished.

Vanquished Creatures (collateral kills)
  A komodo dragon (Lair:5)
  2 yaks (Lair:5)
3 creatures vanquished.

Vanquished Creatures (others)
  Sonja (D:13)
  An unseen horror (D:15)
  A large abomination (Abyss:2)
  3 humans (D:13)
  A kobold brigand (D:14)
  A bullfrog (D:13)
  A quasit (Abyss:2)
  3 orcs
  3 bushes (Lair:5)
  20 fungi
  2 lurking horrors (Abyss:2)
  40 plants
77 creatures vanquished.

Grand Total: 958 creatures vanquished

Notes
Turn   | Place    | Note
-------+----------+-------------------------------------------
     0 | D:1      | spiderkeys the Minotaur Berserker began the quest for the
                  | Orb.
     0 | D:1      | Reached XP level 1. HP: 19/19 MP: 0/0
   145 | D:1      | Reached XP level 2. HP: 27/27 MP: 1/1
   203 | D:1      | Reached skill level 4 in Polearms
   633 | D:1      | Reached XP level 3. HP: 28/33 MP: 2/2
  1029 | D:2      | You fall into a shaft and drop 2 floors!
  1029 | D:4      | Found a shimmering blue altar of Sif Muna.
  1259 | D:4      | Found a glowing golden altar of the Shining One.
  1263 | D:4      | Found a snail-covered altar of Cheibriados.
  1290 | D:4      | Reached XP level 4. HP: 40/40 MP: 3/3
  1371 | D:4      | Found a staircase to the Ecumenical Temple.
  1385 | D:4      | Noticed an ogre
  1392 | D:4      | Killed an ogre
  1393 | D:4      | Reached skill level 5 in Polearms
  1393 | D:4      | Reached skill level 1 in Shields
  1393 | D:4      | Reached XP level 5. HP: 47/47 MP: 4/4
  1691 | D:3      | Reached ** piety under Trog
  1967 | D:2      | Found a sparkling altar of Nemelex Xobeh.
  2879 | D:2      | Reached XP level 6. HP: 55/55 MP: 5/5
  3191 | D:3      | Reached skill level 5 in Fighting
  3191 | D:3      | Reached skill level 6 in Polearms
  3942 | D:4      | Reached *** piety under Trog
  4176 | D:5      | Entered Level 5 of the Dungeon
  4181 | D:5      | Identified the +5 whip of Descent {protect, rPois Dex+4
                  | SInv}
  4471 | D:5      | Reached XP level 7. HP: 61/61 MP: 6/6
  4669 | D:5      | Reached skill level 7 in Polearms
  4836 | D:5      | Reached skill level 5 in Armour
  5292 | D:6      | Reached XP level 8. HP: 65/70 MP: 7/7
  5367 | D:6      | Noticed Eustachio
  5370 | D:6      | Killed Eustachio
  5371 | D:6      | Reached skill level 8 in Polearms
  5564 | D:6      | Noticed Grinder
  5582 | D:6      | Killed Grinder
  5937 | D:6      | Reached skill level 5 in Shields
  5984 | D:6      | Reached skill level 9 in Polearms
  6040 | D:6      | Reached **** piety under Trog
  6129 | D:6      | Noticed Dowan
  6130 | D:6      | Noticed Duvessa
  6137 | D:6      | Killed Duvessa
  6139 | D:6      | Killed Dowan
  6377 | D:6      | Reached XP level 9. HP: 76/79 MP: 8/8
  6441 | D:6      | Found a shimmering altar of Xom.
  6441 | D:6      | Found a radiant altar of Vehumet.
  6637 | D:7      | Found a runed translucent gate.
  6638 | D:7      | Found a runed translucent gate.
  6639 | D:7      | Found a runed translucent gate.
  6639 | D:7      | Noticed logorrheac's ghost (novice GrEE)
  6707 | D:7      | Reached skill level 10 in Polearms
  6831 | D:7      | Found a stormy altar of Qazlal.
  7267 | D:7      | You fall into a shaft and drop 2 floors!
  7517 | D:8      | Noticed Pikel
  7530 | D:8      | Killed Pikel
  7531 | D:8      | Reached skill level 11 in Polearms
  7547 | D:8      | Noticed a troll
  7555 | D:8      | Killed a troll
  7556 | D:8      | Reached XP level 10. HP: 82/90 MP: 9/9
  7577 | D:8      | Reached ***** piety under Trog
  7606 | D:8      | Found a sand-covered staircase.
  7617 | Ossuary  | Entered an ossuary
  8327 | D:7      | Killed logorrheac's ghost
  8328 | D:7      | Reached skill level 12 in Polearms
  9656 | D:9      | Noticed a wizard
  9666 | D:9      | Killed a wizard
  9804 | D:10     | Entered Level 10 of the Dungeon
 10280 | D:10     | Reached XP level 11. HP: 78/99 MP: 10/10
 10285 | D:10     | Received a gift from Trog
 10498 | D:10     | Reached skill level 13 in Polearms
 10637 | D:10     | Reached skill level 10 in Fighting
 11963 | D:11     | Found a staircase to the Orcish Mines.
 11967 | D:11     | Found a staircase to the Lair.
 12021 | D:11     | Reached skill level 10 in Armour
 12486 | D:12     | Noticed a white ugly thing
 12493 | D:12     | Killed a white ugly thing
 12812 | D:12     | Noticed a green ugly thing
 12820 | D:12     | Killed a green ugly thing
 13004 | D:12     | Noticed a boulder beetle
 13021 | D:12     | Killed a boulder beetle
 13022 | D:12     | Reached skill level 14 in Polearms
 13538 | D:12     | Noticed Rupert
 13557 | D:12     | Killed Rupert
 13558 | D:12     | Reached skill level 10 in Shields
 13558 | D:12     | Reached XP level 12. HP: 23/110 MP: 11/11
 14113 | D:12     | Noticed a two-headed ogre
 14119 | D:12     | Killed a two-headed ogre
 14540 | D:13     | Found a frozen archway.
 14561 | D:13     | Reached skill level 15 in Polearms
 14572 | IceCv    | Entered an ice cave
 16199 | IceCv    | Noticed an ice dragon
 16199 | IceCv    | Noticed an ice dragon
 16207 | IceCv    | Killed an ice dragon
 16212 | IceCv    | Killed an ice dragon
 16305 | IceCv    | Identified the ring "Gimuhoach" {rF+ Dex+2 Slay+4}
 16584 | D:13     | Noticed a seven-headed hydra
 16589 | D:13     | Noticed a two-headed ogre
 16590 | D:13     | Killed a seven-headed hydra
 16602 | D:13     | Killed a two-headed ogre
 16729 | D:13     | Noticed Frances
 16740 | D:13     | Killed Frances
 16741 | D:13     | Reached skill level 16 in Polearms
 16951 | D:13     | Noticed Kirke
 16963 | D:13     | Noticed a two-headed ogre
 16966 | D:13     | Noticed a two-headed ogre
 16968 | D:13     | Reached XP level 13. HP: 115/118 MP: 12/12
 16998 | D:13     | Received a gift from Trog
 17007 | D:13     | Noticed a sphinx
 17237 | D:13     | Killed Kirke
 17354 | D:13     | Identified the ring of the Villain {rPois Str-2 Int+4 Dex+2
                  | SInv}
 17381 | D:13     | Noticed Sonja
 17387 | D:13     | Killed Sonja
 17522 | D:13     | Reached skill level 17 in Polearms
 18342 | D:13     | Found a gate to the Vaults.
 18764 | D:14     | Found a large runed translucent door.
 18766 | D:14     | Found a large runed translucent door.
 18766 | D:14     | Noticed a tengu reaver
 18766 | D:14     | Noticed an ettin
 18768 | D:14     | Found a large runed translucent door.
 18768 | D:14     | Noticed an ettin
 18769 | D:14     | Found a large runed translucent door.
 18769 | D:14     | Noticed a stone giant
 18803 | D:14     | Noticed Agnes
 18809 | D:14     | Killed Agnes
 18823 | D:14     | Found a flagged portal.
 18848 | Bailey   | Entered a bailey
 19478 | D:14     | Reached XP level 14. HP: 100/129 MP: 13/13
 19580 | D:14     | Found a large runed translucent door.
 19581 | D:14     | Found a large runed translucent door.
 19586 | D:14     | Found a large runed translucent door.
 19586 | D:14     | Found a large runed translucent door.
 19740 | D:14     | Found Kyran's Antique Weapon Emporium.
 19890 | D:14     | Cast into level 2 of the Abyss (a wizard)
 20107 | Abyss:2  | Noticed a lich
 20115 | Abyss:2  | Killed a lich
 20116 | Abyss:2  | Reached skill level 18 in Polearms
 20377 | Abyss:2  | Received a gift from Trog
 20434 | Abyss:2  | Noticed a tentacled starspawn
 20437 | D:14     | Escaped the Abyss
 20661 | D:14     | Noticed Snorg
 20669 | D:14     | Killed Snorg
 22252 | D:14     | Killed a stone giant
 22573 | D:13     | Killed a tengu reaver
 22869 | D:15     | Entered Level 15 of the Dungeon
 23637 | D:15     | Found an ancient bone altar of Kikubaaqudgha.
 23674 | D:14     | Reached skill level 19 in Polearms
 24015 | D:14     | Reached XP level 15. HP: 82/139 MP: 14/14
 25269 | D:15     | Reached skill level 15 in Fighting
 25353 | D:15     | Found a staircase to the Depths.
 25407 | D:15     | Identified the +10 great sword "Othrenar" {pain, Fragile
                  | rPois rF++ Int-4}
 25479 | Lair:1   | Entered Level 1 of the Lair of Beasts
 25620 | Lair:1   | You fall into a shaft and drop 1 floor!
 25620 | Lair:2   | Found a staircase to the Snake Pit.
 25817 | Lair:2   | Received a gift from Trog
 26194 | Lair:2   | Found a staircase to the Shoals.
 26404 | Lair:2   | Found the ring of the Tortoise {AC+8}
 29040 | Lair:5   | Reached skill level 20 in Polearms
 29433 | Lair:5   | Reached skill level 15 in Armour
 29506 | Lair:5   | Reached skill level 5 in Dodging
 29916 | Lair:6   | Entered Level 6 of the Lair of Beasts
 29947 | Lair:6   | Found a staircase to the Slime Pits.
 30414 | Lair:6   | Identified the +9 spear of Peril {vorpal, Int+6} (Trog
                  | gifted it to you on level 6 of the Lair of Beasts)
 30414 | Lair:6   | Received a gift from Trog
 30795 | Lair:6   | Reached XP level 16. HP: 122/152 MP: 15/15
 30982 | Lair:6   | Reached skill level 15 in Shields
 31052 | Lair:6   | Reached ****** piety under Trog
 31757 | Lair:1   | Identified the +6 spear "Impbane" {flame, rElec} (Trog
                  | gifted it to you on level 1 of the Lair of Beasts)
 31757 | Lair:1   | Received a gift from Trog
 31803 | Lair:1   | Noticed Gastronok
 31813 | Lair:1   | Killed Gastronok
 32292 | Lair:1   | Identified the amulet "Xanwan" {Faith *Contam rC+++ Str+5
                  | Dex-5}
 32477 | Orc:1    | Entered Level 1 of the Orcish Mines
 33699 | Orc:2    | Entered Level 2 of the Orcish Mines
 33700 | Orc:2    | Found Maruujit's Antique Armour Emporium.
 33712 | Orc:2    | Found a staircase to the Elven Halls.
 33757 | Orc:2    | Bought a runed cloak for 217 gold pieces
 33770 | Orc:2    | Reached XP level 17. HP: 161/161 MP: 16/16
 34054 | Orc:2    | Received a gift from Trog
 34417 | Orc:2    | Received a gift from Trog
 34747 | Orc:2    | Found Uqininee's Jewellery Shop.
 34748 | Orc:2    | Found Qepigge's Armour Shoppe.
 34748 | Orc:2    | Found Tuzesu's Armour Shop.
 34748 | Orc:2    | Found Mauras's Book Emporium.
 35117 | Orc:2    | Bought a +0 pair of gloves of dexterity for 149 gold pieces
 35118 | Orc:2    | Bought the ring of the Spinneret {rF+ rCorr Int+4 Dex+4}
                  | for 660 gold pieces
 35352 | Orc:1    | HP: 5/163 [deep elf zephyrmancer/bolt of lightning (29)]
 35353 | Orc:1    | Killed from afar by a deep elf zephyrmancer

Illustrated notes

Levels and vault maps discovered:
D:1:      lemuel_arrival_broad_hall, layout_loops_ring
D:2:      layout_loops_corners, nemelex_xobeh_ov_fountains_minmay
D:3:      layout_basic, serial_bayou_pond_d, minmay_stone_trees_large,
          amcnicky_mini_pool_small
D:4:      wander_river, layout_basic, minmay_overflow_temple_star_quad,
          minmay_temple_entry_stoned_glass
D:5:      layout_loops_ring
D:6:      layout_gridville, gammafunk_temple_overflow_elements, uniq_grinder,
          uniq_eustachio, uniq_duvessa
D:7:      layout_loops_ring, gammafunk_ghost_nasty_kobolds,
          grunt_qazlal_sundering
D:8:      layout_rooms, nicolae_ossuary_entry_monument, uniq_pikel
D:9:      layout_loops_ring, lightli_wizard_tower
D:10:     layout_layer_cave, dk_noncrumbling_4
D:11:     layout_loops_ring, lair_entry_dummy, orc_0_dummy
D:12:     layout_basic, uniq_rupert
D:13:     layout_small_grid, david_vaults_1, portal_ice_cave_entry_ice_beasts,
          uniq_frances, uniq_kirke, uniq_sonja
D:14:     minmay_five_octagons, layout_basic, kennysheep_crisscross,
          enter_bailey_5, serial_shops, shop_fountains, uniq_agnes, uniq_snorg
D:15:     gammafunk_enter_depths_forms, layout_loops_cross,
          minmay_misc_feat_secret_circle, basic_altar
Lair:1:   layout_roguey, worms_lemuel, uniq_gastronok
Lair:2:   layout_chaotic_city, elwin_shoals_entry_rooms,
          guppyfry_snake_entry_island, gammafunk_lair_bear_cave
Lair:3:   layout_regular_city
Lair:4:   layout_gridlike
Lair:5:   layout_layer_cave, serial_forest, infiniplex_forest_clump_tiny,
          infiniplex_forest_lined_2, infiniplex_forest_lined_2,
          infiniplex_forest_lined_3, infiniplex_forest_end_2,
          infiniplex_forest_lined_corner, infiniplex_forest_lined_3,
          minmay_lair_oklob_chamber, lemuel_fruit_fields
Lair:6:   minmay_lair_end_enchanted_forest, layout_regular_city,
          nicolae_slime_entry_slimehenge, serial_bayou_lagoon_b
Orc:1:    layout_caves, elves_outpost_lemuel
Orc:2:    st_orc_ogre_mass, layout_diamond_mine, serial_shops, shop,
          guppyfry_library_mini

Skill      XL: |  1  2  3  4  5  6  7  8  9 10 11 12 13 14 15 16 17 |
---------------+----------------------------------------------------+-----
Polearms       | 4 5 6 7 9 11 12 14 16 17 19 20 | 20.0
Fighting       | 4 5 6 7 8 9 11 12 13 14 16 17 18 | 18.1
Armour         | 3 4 5 6 8 9 10 11 13 14 15 16 | 16.4
Shields        | 1 2 3 4 5 7 8 10 11 12 13 14 15 16 | 16.2
Dodging        | 5 7 8 |  8.9

Action                   |  1- 3 |  4- 6 |  7- 9 | 10-12 | 13-15 | 16-18 || total
-------------------------+-------+-------+-------+-------+-------+-------++-------
Melee: Spear             |    55 |   103 |       |       |       |       ||   158
       Headbutt          |    11 |    18 |    35 |   126 |   244 |    88 ||   522
       Trident           |       |    21 |   223 |   599 |  1053 |   508 ||  2404
Invok: Berserk           |     1 |     3 |     2 |     6 |    10 |     2 ||    24
       Brothers in Arms  |       |       |       |     1 |     3 |       ||     4
       Trog's Hand       |       |       |       |       |    12 |     4 ||    16
Evoke: Wand              |       |       |       |       |     2 |       ||     2
  Use: Scroll            |       |       |    13 |    11 |    15 |     3 ||    42
       Potion            |       |       |       |     3 |     7 |     2 ||    12
 Stab: Sleeping          |     2 |     2 |       |       |       |       ||     4
       Distracted        |       |     1 |       |       |     1 |       ||     2
Armor: Animal skin       |     2 |     6 |       |       |       |       ||     8
       Chain mail        |       |     6 |    74 |    83 |       |       ||   163
       Plate armour      |       |       |       |    76 |   194 |    52 ||   322
Dodge: Dodged            |    18 |    26 |    27 |    94 |    93 |    46 ||   304
Block: Kite shield       |       |    28 |    64 |    65 |       |       ||   157
       Tower shield      |       |       |       |   340 |   934 |   404 ||  1678
       Reflection        |       |       |       |     7 |    66 |     5 ||    78

Table legend: (Time is in decaauts)
 A = Elapsed time spent in this place.
 B = Non-inter-level travel time spent in this place.
 C = Inter-level travel time spent in this place.
 D = Time resting spent in this place.
 E = Time spent auto-exploring this place.
 F = Levels seen in this place.
 G = Mean time per level.
                   A        B        C        D        E       F      G
               +--------+--------+--------+--------+--------+-----+--------+
         Total |  35319 |  34196 |   1123 |   9281 |  20089 |  27 | 1308.1 |
       Dungeon |  22724 |  22118 |    606 |   7027 |  12297 |  15 | 1514.9 |
          Lair |   6952 |   6674 |    278 |    264 |   5551 |   6 | 1158.7 |
  Orcish Mines |   2121 |   1882 |    239 |     52 |   1316 |   2 | 1060.5 |
         Abyss |    565 |    565 |      0 |    140 |     23 |   1 |  565.0 |
       Ossuary |    408 |    408 |      0 |    188 |    156 |   1 |  408.0 |
        Bailey |    530 |    530 |      0 |      0 |    448 |   1 |  530.0 |
      Ice Cave |   2018 |   2018 |      0 |   1607 |    298 |   1 | 2018.0 |
               +--------+--------+--------+--------+--------+-----+--------+

Top non-repeatable levels by time:
    D:13: 3515 daAuts
    D:14: 2808 daAuts
    D:12: 2314 daAuts
   IceCv: 2018 daAuts
  Lair:6: 1769 daAuts
     D:6: 1594 daAuts
     D:9: 1531 daAuts
  Lair:5: 1522 daAuts
    D:11: 1518 daAuts
   Orc:2: 1508 daAuts
    D:10: 1400 daAuts
     D:4: 1269 daAuts
     D:2: 1256 daAuts
    D:15: 1240 daAuts
     D:7: 1223 daAuts
